 Dungeon Crawl Stone Soup version 0.28.0-1-gb440e238dd (webtiles) character file.

Game seed: 14360429464701020440

425 smarlow the Magician (level 6, 0/32 HPs)
             Began as a Deep Elf Conjurer on Feb 23, 2022.
             Slain by a hornet zombie (10 damage)
             ... on level 5 of the Dungeon.
             The game lasted 00:10:11 (4195 turns).

smarlow the Magician (Deep Elf Conjurer)            Turns: 4195, Time: 00:10:11

Health: 0/32       AC:  2    Str:  4    XL:     6   Next: 64%
Magic:  0/18       EV: 12    Int: 25    God:
Gold:   86         SH:  0    Dex: 13    Spells: 12/19 levels left

rFire   . . .      SeeInvis .   (no weapon)
rCold   . . .      Faith    .   (no shield)
rNeg    . . .      Spirit   +   a - +0 robe
rPois   .          Reflect  .   (no helmet)
rElec   .          Harm     .   (no cloak)
rCorr   .          Rampage  .   (no gloves)
Will    .....                   (no boots)
Stlth   ++........              g - amulet of guardian spirit
HPRegen 0.10/turn               (no ring)
MPRegen 0.16/turn               (no ring)

@: about to teleport, very slightly contaminated
A: no striking features
a: no special abilities


You were on level 5 of the Dungeon.
You visited 1 branch of the dungeon, and saw 5 of its levels.

You collected 86 gold pieces.

Inventory:

Armour
 a - a +0 robe (worn)
Jewellery
 g - an amulet of guardian spirit (around neck)
Scrolls
 b - a scroll of fog
 c - 3 scrolls of teleportation
 f - a scroll of amnesia {unknown}
 h - 3 scrolls of identify {unknown}
 l - a scroll of torment {unknown}
 m - a scroll of vulnerability {unknown}
 n - a scroll of noise {unknown}
Potions
 d - 2 potions of ambrosia {unknown}
 e - 2 potions of mutation {unknown}
 i - a potion of haste {unknown}
 j - 2 potions of curing {unknown}
 k - a potion of berserk rage {unknown}


   Skills:
 - Level 2.4 Dodging
 - Level 2.4 Stealth
 + Level 7.0 Spellcasting
 + Level 6.9 Conjurations


You had 12 spell levels left.
You knew the following spells:

 Your Spells              Type           Power      Damage    Failure   Level
a - Magic Dart            Conj           100%       1d8       1%          1
b - Searing Ray           Conj           86%        2d7       1%          2
c - Iskenderun's Mystic   Conj/Tloc      26%        2d7       16%         4

Your spell library contained the following spells:

 Spells                   Type           Power      Damage    Failure   Level
 Foxfire                  Conj/Fire      100%       2x1d9     1%          1
 Conjure Flame            Conj/Fire      26%        6-21      4%          3
 Dazzling Flash           Conj/Hex       52%        N/A       4%          3
 Animate Skeleton         Necr           16%        N/A       7%          1
 Apportation              Tloc           16%        N/A       7%          1
 Summon Small Mammal      Summ           32%        N/A       7%          1
 Ensorcelled Hibernation  Hex/Ice        16%        N/A       10%         2
 Passwall                 Tmut/Erth      6%         N/A       10%         2
 Flame Wave               Conj/Fire      26%        2d7       16%         4
 Fulminant Prism          Conj/Hex       13%        3d9       16%         4
 Inner Flame              Hex/Fire       8%         N/A       21%         3
 Swiftness                Air            8%         N/A       21%         3
 Cause Fear               Hex            4%         N/A       54%         4
 Discord                  Hex            4%         N/A       100%        8


Dungeon Overview and Level Annotations

Branches:
Dungeon (5/15)             Temple (0/1) D:5

Altars:
Cheibriados
Trog
The Shining One

Annotations:
D:4 Sigmund
D:5 Ijyb


Message History

Casting: Magic Dart (safe; 1% risk of failure)
Confirm with . or Enter, or press ? or * to list all spells.
Aiming: Searing Ray (safe; 1% risk of failure)
Press: ? - help, Shift-Dir - straight line, f/p - hornet zombie
Aim: a hornet zombie (lightly damaged, 84% to hit)
The searing ray hits the hornet zombie!
The hornet zombie is moderately damaged. (Press . to maintain the ray.)
The searing ray hits the hornet zombie.
The hornet zombie is moderately damaged.
Casting: Searing Ray (safe; 1% risk of failure)
Confirm with . or Enter, or press ? or * to list all spells.
The spell is extremely dangerous to miscast (16% risk of failure)!
Continue anyway?
You miscast Iskenderun's Mystic Blast.
You are very lightly contaminated with residual magic.
Strange energies run through your body! The hornet zombie barely misses you.
Casting: Iskenderun's Mystic Blast (extremely dangerous; 16% risk of failure)
Confirm with . or Enter, or press ? or * to list all spells.
The spell is extremely dangerous to miscast (16% risk of failure)!
Continue anyway?
You erupt in a blast of force!
The mystic blast hits the hornet zombie!
The hornet zombie is heavily damaged.
The hornet zombie is knocked back by the mystic blast.
Casting: Iskenderun's Mystic Blast (extremely dangerous; 16% risk of failure)
Confirm with . or Enter, or press ? or * to list all spells.
Aiming: Searing Ray (safe; 1% risk of failure)
Press: ? - help, Shift-Dir - straight line, f/p - hornet zombie
Aim: a hornet zombie (heavily damaged, 84% to hit)
The searing ray hits the hornet zombie.
The hornet zombie is severely damaged. (Press . to maintain the ray.)
The searing ray hits the hornet zombie.
The hornet zombie is severely damaged.
The hornet zombie completely misses you.
The searing ray hits the hornet zombie.
The hornet zombie is almost destroyed.
The hornet zombie hits you.
As you read the scroll of teleportation, it crumbles to dust.
You feel strangely unstable. The hornet zombie hits you! x2
You die...

.......## ............
## .[8⌠........# .###
.......# .... ...
#.8⌠.>.#..#..## ..
.......#.# #..# .#
..8⌠.##.# #..###.##
.....#..# ##......##
..[....# ##....@Z..#
#......####....#........
.#....##...##|.##.......
.........#####.# #......
..####..## #.# ....#.
### ##..# #.. ....# #
#....# #... ...# ##
###### ..... .... .##
.##


You could see a hornet zombie.

Vanquished Creatures
  An ogre (D:5)
  A howler monkey (D:5)
  A crimson imp (D:3)
  A hound (D:5)
  An iguana (D:3)
  Natasha (D:2)
  A hound zombie (D:5)
  Robin (D:2)
  4 adders
  A gnoll (D:1)
  2 worms
  3 dart slugs
  7 orcs
  6 ball pythons
  4 bats
  9 endoplasms
  7 giant cockroaches
  7 hobgoblins
  4 jackals (D:2)
  4 quokkas
  4 frilled lizards
  14 goblins
  A goblin skeleton (D:3)
  3 hobgoblin zombies (D:3)
  5 kobolds
  A kobold skeleton (D:3)
  3 orc zombies (D:3)
  3 rats (D:1)
100 creatures vanquished.

Notes
Turn   | Place    | Note
-------+----------+-------------------------------------------
     0 | D:1      | smarlow the Deep Elf Conjurer began the quest for the Orb.
     0 | D:1      | Reached XP level 1. HP: 10/10 MP: 6/6
   171 | D:1      | Reached XP level 2. HP: 15/15 MP: 2/8
   662 | D:2      | Learned a level 2 spell: Searing Ray
   692 | D:2      | Noticed Robin
   718 | D:2      | Killed Robin
   719 | D:2      | Reached skill level 4 in Spellcasting
   719 | D:2      | Reached skill level 5 in Conjurations
   719 | D:2      | Reached XP level 3. HP: 10/19 MP: 1/10
  1186 | D:2      | Noticed Natasha
  1195 | D:2      | Killed Natasha
  1196 | D:2      | Reached XP level 4. HP: 24/24 MP: 5/12
  1497 | D:2      | Reached skill level 5 in Spellcasting
  1571 | D:2      | Found a faded altar of an unknown god.
  1846 | D:1      | Learned a level 4 spell: Iskenderun's Mystic Blast
  2471 | D:1      | Reached XP level 5. HP: 28/28 MP: 11/14
  2679 | D:1      | Found a bloodstained altar of Trog.
  2916 | D:3      | Found a glowing golden altar of the Shining One.
  3107 | D:3      | Reached skill level 6 in Spellcasting
  3292 | D:3      | Found a snail-covered altar of Cheibriados.
  3570 | D:4      | Noticed Sigmund
  3618 | D:5      | Entered Level 5 of the Dungeon
  3704 | D:5      | Reached XP level 6. HP: 32/32 MP: 10/17
  3991 | D:5      | Noticed Ijyb
  3997 | D:5      | Found a staircase to the Ecumenical Temple.
  4161 | D:5      | Reached skill level 7 in Spellcasting
  4195 | D:5      | Slain by a hornet zombie

Illustrated notes

Levels and vault maps discovered:
D:1:      dpeg_arrival_water_altar, layout_loops_cross
D:2:      layout_loops_cross, basic_ecumenical_altar, kennysheep_minor_cross,
          minmay_unequal, uniq_robin, uniq_natasha
D:3:      layout_rooms, slow_altar_2, nicolae_tso_besieged_by_evil
D:4:      layout_rooms, lemuel_tele_altar, lemuel_zombie_altar_kikubaaqudgha,
          uniq_sigmund
D:5:      layout_layer_cave, mainiacjoe_overflow_big_doors,
          minmay_temple_entry_drinking_statues, uniq_ijyb

Skill      XL: |  1  2  3  4  5  6 |
---------------+-------------------+-----
Spellcasting   | 4 5 6 7 |  7.0
Conjurations   | 5 6 |  6.9
Dodging        | |  2.4
Stealth        | |  2.4

Action                   |  1- 3 |  4- 6 || total
-------------------------+-------+-------++-------
 Cast: Magic Dart        |    50 |   142 ||   192
       Searing Ray       |     2 |    11 ||    13
       Iskenderun's Myst |       |     1 ||     1
  Use: Scroll            |       |     4 ||     4
Armor: Robe              |     3 |     1 ||     4
Dodge: Dodged            |     7 |    18 ||    25
